 Dungeon Crawl Stone Soup version 0.25-a0-424-g80bd347ae0 (webtiles) character file.

Game seed: 10706819971822322282, levelgen mode: deterministic

63 Hasart the Firebug (level 3, 0/26 HPs)
             Began as a Demigod Fire Elementalist on Jan 22, 2020.
             Slain by an adder (3 damage)
             ... on level 2 of the Dungeon.
             The game lasted 00:05:01 (1806 turns).

Hasart the Firebug (Demigod Fire Elementalist)      Turns: 1806, Time: 00:05:02

Health: 0/26       AC:  2    Str: 11    XL:     3   Next: 63%
Magic:  1/8        EV: 13    Int: 19    God:
Gold:   57         SH:  0    Dex: 16    Spells: 5/6 levels left

rFire    . . .     SeeInvis .   i - +0 short sword (drain)
rCold    . . .     Gourm    .   (no shield)
rNeg     . . .     Faith    .   a - +0 robe
rPois    .         Spirit   .   (no helmet)
rElec    .         Reflect  .   (no cloak)
rCorr    .         Harm     .   (no gloves)
MR       .....                  (no boots)
Stlth    ++........             (no amulet)
HPRegen  0.08/turn              j - -2 ring of intelligence (curse)
MPRegen  0.11/turn              (no ring)

@: lethally poisoned (0 -> -4)
A: high mp 1
a: no special abilities


You were on level 2 of the Dungeon.
You were not hungry.

You visited 1 branch of the dungeon, and saw 2 of its levels.

You collected 57 gold pieces.

Inventory:

Hand Weapons
 i - a +0 short sword of draining (weapon)
Missiles
 k - 21 poisoned darts (quivered)
Armour
 a - a +0 robe (worn)
Jewellery
 j - a cursed -2 ring of intelligence (left hand)
Scrolls
 l - 4 scrolls of magic mapping {unknown}
 m - a scroll of enchant armour {unknown}
 n - 2 scrolls of teleportation {unknown}
 q - 6 scrolls of identify {unknown}
 r - a scroll of remove curse {unknown}
Potions
 b - a potion of haste {unknown}
 d - a potion of agility {unknown}
 e - a potion of invisibility {unknown}
 f - 2 potions of curing {unknown}
 g - a potion of cancellation {unknown}
 h - a potion of ambrosia {unknown}
 o - a potion of brilliance {unknown}
Comestibles
 c - 4 rations
 p - a chunk of flesh


   Skills:
 + Level 2.2 Dodging
 - Level 1.7 Stealth
 + Level 2.2 Spellcasting
 * Level 2.1 Conjurations
 * Level 3.3 Fire Magic


You had 5 spell levels left.
You knew the following spells:

 Your Spells              Type           Power        Failure   Level  Hunger
a - Foxfire               Conj/Fire      ##..         5%          1    #......

Your spell library contained the following spells:

 Spells                   Type           Power        Failure   Level  Hunger
 Conjure Flame            Conj/Fire      ##......     16%         3    ###....
 Inner Flame              Hex/Fire       #.......     26%         3    ###....
 Sticky Flame             Conj/Fire      ##......     47%         4    #####..
 Fireball                 Conj/Fire      ##........   83%         5    ######.


Dungeon Overview and Level Annotations

Branches:
Dungeon (2/15)


Innate Abilities, Weirdness & Mutations

You have an increased reservoir of magic. (+10% MP)


Message History

You conjure some foxfire!
You feel sick. The adder barely misses you. The adder bites you.
* * * LOW HITPOINT WARNING * * *
The adder misses you.
Casting: Foxfire (safe; 5% risk of failure)
Confirm with . or Enter, or press ? or * to list all spells.
Nothing appears to happen.
The foxfire hits the adder.
The adder is almost dead.
The foxfire hits the adder.
The adder is almost dead.
The foxfire hits the adder.
You kill the adder!
The kobold throws a stone.
The stone closely misses you. The adder barely misses you.
Casting: Foxfire (safe; 5% risk of failure)
Confirm with . or Enter, or press ? or * to list all spells.
You don't have enough magic to cast that spell.
* * * LOW HITPOINT WARNING * * *
You feel sick. The adder bites you.
You die...

..%.......####.#####
# ........†..# #.#
........(#.###.#
.........#..##.#
.......S<(...#.#
.........##..#.#
###########.K#.#
#.S#.# ##@#.#
######.#.##
#.........#
###.##(#..#
####.......#
#.....##.[.#
#.###.#....... #.#
#.#........ #####.#
#.#........


You could see an adder and a kobold.

Vanquished Creatures
  2 adders (D:2)
  2 worms (D:2)
  3 leopard geckos (D:1)
  3 bats
  4 giant cockroaches
  A goblin (D:1)
  5 hobgoblins
  2 jackals (D:1)
  5 kobolds (D:1)
  2 ball pythons (D:1)
  A frilled lizard (D:1)
  4 rats
34 creatures vanquished.

Vanquished Creatures (others)
  50 foxfires
50 creatures vanquished.

Grand Total: 84 creatures vanquished

Notes
Turn   | Place    | Note
-------+----------+-------------------------------------------
     0 | D:1      | Hasart the Demigod Fire Elementalist began the quest for
                  | the Orb.
     0 | D:1      | Reached XP level 1. HP: 14/14 MP: 5/5
    85 | D:1      | Reached skill level 1 in Conjurations
   408 | D:1      | Reached XP level 2. HP: 20/20 MP: 4/7
   742 | D:1      | Reached skill level 3 in Fire Magic
  1453 | D:2      | Reached XP level 3. HP: 26/26 MP: 8/8
  1806 | D:2      | Slain by an adder

Levels and vault maps discovered:
D:1:      tarquinn_simple_flora_water_b, layout_basic
D:2:      layout_basic

Skill      XL: |  1  2  3 |
---------------+----------+-----
Conjurations   | 1 2 |  2.1
Spellcasting   | 2 |  2.2
Dodging        | 2 |  2.2
Fire Magic     | 3 |  3.3
Stealth        | |  1.7

Action                   || total
-------------------------++-------
Melee: Dagger            ||     2
       Short sword       ||    57
 Cast: Foxfire           ||    33
  Use: Scroll            ||     1
 Stab: Sleeping          ||     4
  Eat: Chunk             ||     3
Armor: Robe              ||    23
Dodge: Dodged            ||    80

Table legend:
 A = Non-vault XP
 B = Vault XP
 C = Vault XP percentage of total XP
 D = Non-vault monster count
 E = Vault monster count
 F = Vault count percentage of total count
                 A         B        C        D         E       F
            +---------+---------+-------+---------+---------+-------
      Total |      91 |       0 |   0.0 |      34 |       0 |   0.0
            +---------+---------+-------+---------+---------+-------
        D:1 |      42 |       0 |   0.0 |      23 |       0 |   0.0
        D:2 |      49 |       0 |   0.0 |      11 |       0 |   0.0
            +---------+---------+-------+---------+---------+-------
